 Dungeon Crawl Stone Soup version 0.24.0-1-gfbc8707 (webtiles) character file.

Game seed: 5292201442315656509, levelgen mode: deterministic

61478 Illumine the Cleaver (level 14, -14/127 HPs)
             Began as a Minotaur Fighter on Nov 8, 2019.
             Was a High Priest of Qazlal.
             Demolished by an orc warlord
             ... wielding a +0 battleaxe
              (27 damage)
             ... on level 1 of the Orcish Mines.
             The game lasted 00:33:09 (17500 turns).

Illumine the Cleaver (Minotaur Fighter)            Turns: 17500, Time: 00:33:09

Health: -14/127    AC: 24    Str: 24    XL:     14   Next: 60%
Magic:  22/22      EV: 11    Int:  5    God:    Qazlal [*****.]
Gold:   1270       SH: 21    Dex: 12    Spells: 13/13 levels left

rFire    . . .     SeeInvis .   a - +3 war axe (elec)
rCold    + . .     Gourm    .   P - +2 shield {reflect}
rNeg     . . .     Faith    .   w - +0 plate armour
rPois    +         Spirit   .   (helmet restricted)
rElec    .         Reflect  +   J - +1 cloak {rC+}
rCorr    .         Harm     .   O - +0 pair of gloves
MR       ++...                  p - +0 pair of boots
Stlth    ..........             F - amulet of rage
HPRegen  0.31/turn              h - ring of protection from magic
MPRegen  0.18/turn              S - ring of poison resistance

@: protected from physical damage, repel missiles
A: retaliatory headbutt, horns 2
a: Upheaval, Elemental Force, Disaster Area, Renounce Religion, Evoke Berserk
Rage


You were on level 1 of the Orcish Mines.
You worshipped Qazlal.
Qazlal was extremely pleased with you.
You were not hungry.

You visited 5 branches of the dungeon, and saw 19 of its levels.
You also visited: Sewer, Ossuary and Ice Cave.

You collected 1270 gold pieces.

Inventory:

Hand Weapons
 a - a +3 war axe of electrocution (weapon)
 t - a +1 morningstar of crushing
Missiles
 H - 3 throwing nets (quivered)
Armour
 p - a +0 pair of boots (worn)
 w - a +0 plate armour (worn)
 J - a +1 cloak of cold resistance (worn)
 O - a +0 pair of gloves (worn)
 P - a +2 shield of reflection (worn)
Jewellery
 h - a ring of protection from magic (left hand)
 F - an amulet of rage (around neck)
 M - an uncursed ring of protection from magic
 S - a ring of poison resistance (right hand)
Wands
 q - a wand of enslavement (12)
 s - a wand of polymorph (8)
 y - a wand of iceblast (27)
 E - a wand of disintegration (30)
 K - a wand of acid (6)
 T - a wand of scattershot (6)
 U - a wand of digging (1)
Scrolls
 g - 8 scrolls of teleportation
 u - 2 scrolls of fear
 v - a scroll of blinking
 x - 5 scrolls of remove curse
 C - 2 scrolls of immolation
 G - a scroll of fog
 L - 3 scrolls of summoning
 N - a scroll of identify
 R - a scroll of silence
Potions
 b - a potion of magic
 c - a potion of berserk rage
 d - a potion of haste
 e - 2 potions of brilliance
 j - 4 potions of heal wounds
 k - 3 potions of agility
 l - 5 potions of flight
 m - 8 potions of lignification
 n - 2 potions of invisibility
 r - 10 potions of curing
 z - 4 potions of mutation
 A - 3 potions of cancellation
 D - 4 potions of might
Comestibles
 f - 22 rations


   Skills:
 + Level 12.4 Fighting
 + Level 12.9 Axes
 + Level 12.5 Armour
 + Level 10.3 Dodging
 + Level 12.4 Shields
 * Level 12.9 Invocations


You had 13 spell levels left.
You didn't know any spells.
Your spell library contained the following spells:

 Spells                   Type           Power        Failure   Level  Hunger
 Animate Skeleton         Necr           N/A          100%        1    ##.....
 Apportation              Tloc           #.....       100%        1    ##.....
 Beastly Appendage        Tmut           #.....       100%        1    ##.....
 Confusing Touch          Hex            #.....       100%        1    ##.....
 Corona                   Hex            #......      100%        1    ##.....
 Summon Small Mammal      Summ           #...         100%        1    ##.....
 Ensorcelled Hibernation  Hex/Ice        #.....       100%        2    ###....
 Confuse                  Hex            #.......     100%        3    ####...
 Gell's Gravitas          Tloc           #.........   100%        3    ####...
 Ignite Poison            Fire/Tmut/Pois #.......     100%        3    ####...
 Inner Flame              Hex/Fire       #.......     100%        3    ####...
 Ozocubu's Armour         Chrm/Ice       #.......     100%        3    ####...
 Ice Form                 Ice/Tmut       #.......     100%        4    #####..
 Petrify                  Tmut/Erth      #.......     100%        4    #####..
 Metabolic Englaciation   Hex/Ice        #.........   100%        5    ######.
 Yara's Violent Unravell  Hex/Tmut       #.........   100%        5    ######.
 Darkness                 Hex            #.........   100%        6    #######


Dungeon Overview and Level Annotations

Branches:
Dungeon (9/15)             Temple (0/1) D:4            Lair (6/6) D:9
 Shoals (1/4) Lair:2        Snake (1/4) Lair:3        Slime (0/5) Lair:6
    Orc (2/2) D:9           Sewer (visited)         Ossuary (visited)
  IceCv (visited)
    Elf: Orc:2

Altars:
Makhleb
Qazlal
Jiyva

Shops:
D:7 %   Orc:2 [=   Shoals:1 !

Annotations:
D:7 1 runed translucent door
Lair:4 exclusion: 2 oklob plants
Lair:6 1 runed translucent door
Orc:2 Donald


Innate Abilities, Weirdness & Mutations

You reflexively headbutt those who attack you in melee.
You have a pair of horns on your head.


Message History

Lightning courses through the orc knight!!
The orc knight no longer looks unusually strong.
The warg bites you.
* * * LOW HITPOINT WARNING * * *
The orc knight is engulfed in freezing vapours.
You block the orc knight's attack.
The orc warlord roars a battlecry!
The orc knight goes into a battle-frenzy!
The orc knight is engulfed in blazing flames.
You block the orc knight's attack. The warg bites you.
* * * LOW HITPOINT WARNING * * *
You slice the orc warlord!!
Lightning courses through the orc warlord!
The orc warlord is almost dead.
Your plate armour prevents you from hitting the warg.
You hit the orc knight but do no damage.
Lightning courses through the orc knight!
You closely miss the orc knight. You block the orc knight's attack.
The orc warlord hits you with a +0 battleaxe!!
You die...

##.....##.##
#..........#
##.....##.##
###...#.#####
##.#.....###
#..........##
##.§........#
##..☼oo.##.###
##...h@○...##.###
#....)§o○.......##
##...○○...#.##....#
#.....[[...#####.##
##.....)....## ##.##
##........#.###...#
##.............#..##
#.................#
##...............##


You could see an orc warlord, 2 orc knights and a warg.

Vanquished Creatures
  An orc warlord (Orc:1)
  A dire elephant (Lair:6)
  Snorg (Lair:4)
  8 hydras
  Harold (D:8)
  A catoblepas (Lair:6)
  A queen ant (Lair:2)
  2 orc high priests
  5 death yaks (Lair:6)
  A lindwurm (Lair:6)
  A necromancer (IceCv)
  5 orc sorcerers
  2 manticores (Lair:6)
  5 elephants (Lair:6)
  Joseph (D:9)
  3 black mambas
  A merfolk siren (Lair:2)
  2 torpor snails
  An ice statue (IceCv)
  15 spiny frogs
  14 komodo dragons
  10 freezing wraiths (IceCv)
  3 trolls
  A wolf spider simulacrum (IceCv)
  8 dream sheep (Lair:6)
  Grinder (D:5)
  8 blink frogs
  4 hippogriffs
  Sigmund (D:5)
  5 basilisks
  3 wyverns
  38 yaks
  Grum (D:8)
  2 wargs (Orc:1)
  A death yak simulacrum (IceCv)
  3 nagas (Lair:3)
  14 soldier ants (Lair:2)
  27 water moccasins
  15 porcupines
  14 ice beasts
  20 orc warriors
  A hornet zombie (D:9)
  2 ogres
  A black bear (D:8)
  4 sky beasts
  16 wolves
  3 centaurs
  11 crocodiles
  2 big kobolds
  7 bullfrogs
  4 water moccasin zombies (Ossuary)
  3 scorpions
  A swamp dragon simulacrum (IceCv)
  6 killer bees
  5 wights (D:7)
  3 electric eels (Lair:1)
  A howler monkey (D:6)
  3 crimson imps
  5 draconian simulacra (IceCv)
  3 hounds
  2 bullfrog zombies
  11 orc priests
  3 bullfrog skeletons
  4 jellies
  4 iguanas
  12 orc wizards
  6 hell rats (Lair:6)
  3 spriggan simulacra (IceCv)
  5 troll simulacra (IceCv)
  33 worker ants
  A wolf simulacrum (IceCv)
  A big kobold zombie (Ossuary)
  A centaur simulacrum (IceCv)
  A hound skeleton (D:4)
  A hound zombie (D:6)
  3 mummies
  A worker ant zombie (D:5)
  A naga simulacrum (IceCv)
  25 adders
  A howler monkey skeleton (D:8)
  5 ogre simulacra (IceCv)
  12 white imps (IceCv)
  3 oozes
  5 adder zombies (Ossuary)
  2 worms
  4 dart slugs
  4 leopard geckos
  50 orcs
  9 bats
  8 giant cockroaches
  14 hobgoblins
  8 jackals
  12 kobolds
  3 quokkas
  3 ball pythons
  9 frilled lizards
  3 gnoll zombies (Ossuary)
  11 goblins
  8 hobgoblin zombies
  2 jackal skeletons (D:5)
  4 kobold zombies (Ossuary)
  2 leopard gecko skeletons
  4 orc zombies
  A quokka zombie (D:5)
  6 rats
  10 fungi
  4 plants
657 creatures vanquished.

Vanquished Creatures (collateral kills)
  A blink frog (Lair:6)
  A fungus (Lair:6)
2 creatures vanquished.

Vanquished Creatures (others)
  An orc sorcerer (Orc:2)
  A bush (Lair:6)
  12 fungi
  8 plants
22 creatures vanquished.

Grand Total: 681 creatures vanquished

Notes
Turn   | Place    | Note
-------+----------+-------------------------------------------
     0 | D:1      | Illumine the Minotaur Fighter began the quest for the Orb.
     0 | D:1      | Reached XP level 1. HP: 19/19 MP: 0/0
    78 | D:1      | Reached XP level 2. HP: 20/27 MP: 1/1
   382 | D:1      | Reached XP level 3. HP: 22/33 MP: 2/2
  1210 | D:2      | Reached XP level 4. HP: 40/40 MP: 3/3
  2073 | D:3      | Found a stormy altar of Qazlal.
  2086 | D:3      | Became a worshipper of Qazlal Stormbringer
  2237 | D:3      | Noticed an orc warrior
  2239 | D:3      | Reached XP level 5. HP: 41/47 MP: 4/4
  2245 | D:3      | Killed an orc warrior
  2245 | D:3      | Reached skill level 5 in Axes
  2559 | D:3      | Reached * piety under Qazlal
  2561 | D:3      | Reached XP level 6. HP: 23/55 MP: 5/5
  2950 | D:3      | Reached skill level 5 in Shields
  2952 | D:3      | Reached skill level 5 in Fighting
  2952 | D:3      | Reached skill level 5 in Armour
  3385 | D:4      | Noticed an orc warrior
  3399 | D:4      | Killed an orc warrior
  3407 | D:4      | Reached XP level 7. HP: 54/61 MP: 6/6
  3881 | D:4      | Found a glowing drain.
  3890 | Sewer    | Entered a sewer
  3893 | Sewer    | Reached ** piety under Qazlal
  4240 | D:4      | Found a staircase to the Ecumenical Temple.
  4495 | D:5      | Entered Level 5 of the Dungeon
  4583 | D:5      | Found a sand-covered staircase.
  4587 | Ossuary  | Entered an ossuary
  4627 | Ossuary  | Reached skill level 1 in Invocations
  4663 | Ossuary  | Reached skill level 1 in Dodging
  4663 | Ossuary  | Reached XP level 8. HP: 68/70 MP: 6/8
  4677 | Ossuary  | Reached *** piety under Qazlal
  4816 | D:5      | Noticed Grinder
  4838 | D:5      | Killed Grinder
  4889 | D:5      | Noticed Sigmund
  4893 | D:5      | Killed Sigmund
  5549 | D:6      | Reached XP level 9. HP: 18/78 MP: 10/10
  5846 | D:6      | Reached **** piety under Qazlal
  5858 | D:6      | Identified the Volume of the Shifting Glacier
  6476 | D:7      | Noticed an angel
  6610 | D:7      | Reached skill level 5 in Invocations
  6758 | D:7      | Found a runed translucent door.
  6855 | D:7      | Found Lulez's Food Boutique.
  6996 | D:8      | Noticed Grum
  7012 | D:8      | Killed Grum
  7170 | D:8      | Noticed Harold
  7187 | D:8      | Killed Harold
  7187 | D:8      | Reached XP level 10. HP: 72/88 MP: 13/13
  8098 | D:9      | Noticed Joseph
  8109 | D:9      | Reached skill level 5 in Dodging
  8116 | D:9      | Killed Joseph
  8132 | D:9      | Reached ***** piety under Qazlal
  8704 | D:9      | Found a staircase to the Lair.
  8866 | D:9      | Found a staircase to the Orcish Mines.
  8974 | Lair:1   | Entered Level 1 of the Lair of Beasts
  8984 | Lair:1   | Noticed a five-headed hydra
  9043 | D:9      | Killed a five-headed hydra
  9137 | Lair:1   | Reached XP level 11. HP: 51/95 MP: 15/15
  9567 | Lair:1   | Reached skill level 10 in Axes
 10031 | Lair:1   | Noticed a seven-headed hydra
 10036 | Lair:1   | Killed a seven-headed hydra
 10659 | Lair:2   | Noticed a queen ant
 10679 | Lair:2   | Killed a queen ant
 10679 | Lair:2   | Reached skill level 10 in Fighting
 10679 | Lair:2   | Reached skill level 10 in Armour
 10679 | Lair:2   | Reached skill level 10 in Shields
 10679 | Lair:2   | Reached XP level 12. HP: 81/106 MP: 18/18
 10724 | Lair:2   | Reached ****** piety under Qazlal
 11251 | Lair:2   | Found a staircase to the Shoals.
 11589 | Shoals:1 | Entered Level 1 of the Shoals
 11589 | Shoals:1 | Found Hephuk's Distillery.
 11666 | Lair:3   | Found a staircase to the Snake Pit.
 11668 | Lair:3   | Reached skill level 10 in Invocations
 11671 | Lair:3   | Noticed an eight-headed hydra
 11678 | Lair:3   | Killed an eight-headed hydra
 11683 | Lair:3   | Noticed a five-headed hydra
 11693 | Lair:3   | Killed a five-headed hydra
 12478 | Snake:1  | Entered Level 1 of the Snake Pit
 12478 | Snake:1  | Noticed an anaconda
 12501 | Lair:4   | Noticed Snorg
 12769 | Lair:4   | Killed Snorg
 12971 | Lair:4   | Reached XP level 13. HP: 100/115 MP: 20/20
 13594 | Lair:5   | Found a frozen archway.
 13622 | IceCv    | Entered an ice cave
 14673 | IceCv    | Found an ancient bone altar of Kikubaaqudgha.
 15345 | Lair:6   | Entered Level 6 of the Lair of Beasts
 15438 | Lair:6   | Reached XP level 14. HP: 93/125 MP: 22/22
 15638 | Lair:6   | Identified the Almanac of Malediction
 15852 | Lair:6   | Found a runed translucent door.
 15852 | Lair:6   | Found a viscous altar of Jiyva.
 15852 | Lair:6   | Noticed an azure jelly
 15852 | Lair:6   | Noticed an azure jelly
 15853 | Lair:6   | Found a staircase to the Slime Pits.
 16343 | Lair:6   | Reached skill level 10 in Dodging
 16677 | Orc:1    | Entered Level 1 of the Orcish Mines
 16803 | Orc:2    | Entered Level 2 of the Orcish Mines
 16803 | Orc:2    | Found Reukkon's Antique Armour Boutique.
 16803 | Orc:2    | Noticed an orc warlord
 17023 | Orc:1    | Noticed an orc warlord
 17043 | Orc:1    | Killed an orc warlord
 17131 | Orc:1    | Found a burning altar of Makhleb.
 17160 | Orc:2    | Found Juofedest's Jewellery Shop.
 17173 | Orc:2    | Paralysed by an orc sorcerer for 3 turns
 17175 | Orc:2    | HP: 6/127 [orc knight/bolt (9)]
 17495 | Orc:2    | Noticed Donald
 17500 | Orc:1    | Demolished by an orc warlord

Levels and vault maps discovered:
D:1:      dpeg_arrival_morbid_curiosity, layout_basic
D:2:      minmay_angry_zag, layout_loops_corners, first_ration
D:3:      cheibrodos_pilgrimage, layout_basic, grunt_qazlal_clouds,
          serial_rivers, chequers_serial_rivers_large_b,
          chequers_serial_rivers_room_a, chequers_serial_rivers_micro_b,
          chequers_serial_rivers_micro_c, kennysheep_generic_room_12
D:4:      layout_basic, temple_hall, cheibrodos_sewer_entry_sluice,
          guppyfry_early_orc_mine
D:5:      layout_loops_ring, nicolae_ossuary_entry_giza,
          uniq_crazy_yiuf_cottage, uniq_grinder, uniq_sigmund
D:6:      layout_basic, minmay_checkerbox
D:7:      layout_layer_cave, serial_shops, nicolae_shop_waterfront,
          lemuel_angel_altar
D:8:      layout_basic, uniq_harold, uniq_grum
D:9:      layout_layer_cave, lair_entry_dummy, orc_0_dummy, uniq_joseph
Lair:1:   lemuel_reptile_caves, layout_regular_city, beast_lair_carwin_10,
          grunt_megastairs_4, serial_bayou_shore_b, serial_bayou_shore_a,
          serial_bayou_shore_b
Lair:2:   layout_cave_pods, minmay_shoals_entry_lonely_mermaid, zaba_anthell
Lair:3:   layout_gridlike, minmay_snake_entry_guardpost_small
Lair:4:   layout_gridlike, minmay_hedge_maze, minmay_lair_oklob_chamber,
          uniq_snorg
Lair:5:   layout_roguey, portal_ice_cave_entry_ice_beasts, serial_bayou_shore_b
Lair:6:   hangedman_lair_in_review, layout_misc_corridors, slime_altar_2
Shoals:1: layout_shoals, serial_shops, shop, nicolae_shop_trees, shop,
          nicolae_shop_stone, shop_statue, gammafunk_ghost_wrathful_warriors
Snake:1:  layout_chambers, st_stairs_11
Orc:1:    layout_caves, basic_altar
Orc:2:    grunt_orc_gardens, layout_caves, grunt_orc_garden, grunt_orc_garden,
          grunt_orc_garden, grunt_orc_garden, uniq_donald

Skill      XL: |  1  2  3  4  5  6  7  8  9 10 11 12 13 14 |
---------------+-------------------------------------------+-----
Axes           | 3 4 5 6 7 8 9 10 11 12 | 12.9
Shields        | 4 5 6 8 10 11 12 | 12.4
Fighting       | 4 5 6 8 10 11 12 | 12.4
Armour         | 4 5 6 8 10 11 12 | 12.5
Invocations    | 1 3 6 7 9 10 12 | 12.9
Dodging        | 1 3 4 5 7 8 9 10 | 10.3

Action                   |  1- 3 |  4- 6 |  7- 9 | 10-12 | 13-15 || total
-------------------------+-------+-------+-------+-------+-------++-------
Melee: War axe           |    97 |   124 |   305 |       |   435 ||   961
       Headbutt          |     9 |    18 |    70 |   116 |   124 ||   337
       Hand axe          |       |       |    72 |   542 |    14 ||   628
Invok: Upheaval          |       |       |       |     8 |     8 ||    16
       Disaster Area     |       |       |       |       |     4 ||     4
Evoke: Wand              |       |       |       |     3 |    12 ||    15
  Use: Potion            |       |     1 |     2 |       |     1 ||     4
       Scroll            |       |     5 |     8 |     3 |    20 ||    36
 Stab: Petrified         |       |       |       |       |     4 ||     4
       Petrifying        |       |       |       |       |     1 ||     1
  Eat: Chunk             |     1 |     6 |    11 |    18 |     7 ||    43
       Ration            |       |       |     1 |       |     3 ||     4
Armor: Scale mail        |    48 |    25 |       |       |       ||    73
       Chain mail        |       |    32 |    51 |       |       ||    83
       Plate armour      |       |       |    96 |   109 |   162 ||   367
Dodge: Dodged            |    35 |    26 |    65 |    80 |   102 ||   308
       Deflected         |       |       |     2 |     4 |     7 ||    13
Block: Shield            |    51 |    70 |   296 |   434 |   458 ||  1309
       Reflection        |       |       |       |     1 |    14 ||    15
